 Dungeon Sprint DCSS version 0.31-a0-986-g5e6e4ef867 (webtiles) character file.

Game seed: 16153217080376863400

2 fozzywoppz the Sneak (level 1, -9/9 HPs)
             Began as a Spriggan Enchanter on Nov 15, 2023.
             Mangled by Jessica
             ... wielding a +9 club
              (10 damage)
             ... in the Dungeon (Sprint III: "The Ten Rune Challenge").
             The game lasted 00:00:21 (45 turns).

fozzywoppz the Sneak (Spriggan Enchanter)             Turns: 45, Time: 00:00:21

Health: -9/9       AC:  2    Str:  4    XL:     1   Next: 33%
Magic:  5/5        EV: 17    Int: 16    God:
Gold:   4          SH:  0    Dex: 15    Spells: 6/6 levels left

rFire   . . .        a - +1 dagger
rCold   . . .        (no shield)
rNeg    . . .        b - +0 robe
rPois   .            (helmet restricted)
rElec   .            (no cloak)
rCorr   .            (gloves unavailable)
SInv    +            (boots unavailable)
Will    .....        (no amulet)
Stlth   +++          (no ring)
HPRegen 0.21/turn    (no ring)
MPRegen 0.09/turn

%: no teleportation
@: very quick
A: very small, no large weapons, unfitting armour, see invisible, speed 3
a: no special abilities


You were in the Dungeon.
You visited 1 branch You collected 4 gold pieces.

Inventory:

Hand Weapons
 a - a +1 dagger (weapon)
Armour
 b - a +0 robe (worn)
Scrolls
 i - a scroll of blinking
Potions
 c - 2 potions of invisibility
 d - a potion of curing
 e - a potion of heal wounds
 f - a potion of haste
 g - 2 potions of magic
 h - a potion of berserk rage
 j - a potion of degeneration {unknown}


   Skills:
 + Level 1.6 Short Blades
 + Level 3.1 Dodging
 + Level 4.8 Stealth
 + Level 3.0 Spellcasting
 + Level 3.9 Hexes


You had 6 spell levels left.
You didn't know any spells.
Your spell library contained the following spells:

 Spells                   Type           Power      Damage    Failure   Level
 Confusing Touch          Hex            15%        N/A       11%         3
 Tukima's Dance           Hex            15%        N/A       11%         3
 Ensorcelled Hibernation  Hex/Ice        16%        N/A       12%         2
 Dazzling Flash           Conj/Hex       16%        N/A       24%         3


Dungeon Overview and Level Annotations

Branches:
Dungeon (1/1)

Altars:

Annotations:
D Jessica


Innate Abilities, Weirdness & Mutations

You are very small and have problems with some larger weapons.
You are too small for most types of armour.
You have supernaturally acute eyesight. (SInv)
You cover ground extremely quickly. (Speed+++)


Message History

Welcome, fozzywoppz the Spriggan Enchanter. [Dungeon Sprint] Press ? for a list of commands and other information.
Found a staircase leading out of the dungeon.
An endoplasm comes into view.
A rat comes into view.
Found 4 gold pieces.
The helpless endoplasm fails to defend itself.
You impale the endoplasm!!
You kill the endoplasm!
Your Dodging skill increases to level 3!
The rat completely misses you.
You hit the rat.
You kill the rat!
Your Spellcasting skill increases to level 3!
You see here a rat corpse.
You now have 4 gold pieces.
Found a fizzy grey potion.
A rat comes into view.
You barely miss the rat. The rat barely misses you.
You barely miss the rat. The rat bites you.
You hit the rat.
You kill the rat!
You see here a rat corpse.
j - a fizzy grey potion Jessica the Apprentice Sorceress comes into view.
She is wielding a +9 club and carrying a wand of polymorph.
Jessica hits you with a +9 club!
Ouch! That really hurt!
* * * LOW HITPOINT WARNING * * *
You completely miss Jessica.
Jessica zaps a wand.
You resist with significant effort.
You barely miss Jessica. Jessica hits you with a +9 club!
Ouch! That really hurt!
You die...

▓▓▓▓▓▓▓▓▓
▓<..#...####
▓...#......##
▓..##....†..#
▓##.##.##...#
##.##.###..#
▓#.####.##..#
▓.###..##.@##
▓#.....##@.#
###..##...#
##†.##....#
#..###..##.
#..# #.. #
▓▓▓▓ ▓▓▓


You could see Jessica.

Vanquished Creatures
  An endoplasm (D)
  2 rats (D)
3 creatures vanquished.

Notes
Turn   | Place    | Note
-------+----------+-------------------------------------------
     0 | D        | fozzywoppz the Spriggan Enchanter began the quest for the
                  | Orb.
     0 | D        | Reached XP level 1. HP: 9/9 MP: 5/5
    40 | D        | Noticed Jessica
    45 | D        | Mangled by Jessica

Illustrated notes

Levels and vault maps discovered:
D:        dungeon_sprint_mu [sprint_mu_entry_cave, sprint_mu_temple_rooms,
          sprint_mu_d1_spiders, sprint_mu_d2_genie, sprint_mu_d3_branching,
          sprint_mu_orc_legion, sprint_mu_elf_gauntlet, sprint_mu_hive_nellie,
          sprint_mu_lair_fedhas, sprint_mu_vaults_butterflies,
          sprint_mu_slime_circle, sprint_mu_swamp_cave, sprint_mu_shoals_archi,
          sprint_mu_blade_basic, sprint_mu_crypt_fortress,
          sprint_mu_tomb_spiral, sprint_mu_vestibule_basic,
          sprint_mu_gehenna_hellfire, sprint_mu_dis_giant,
          sprint_mu_tartarus_statrot, sprint_mu_cocytus_islands, sprint_mu_zot1]

Skill      XL: |  1 |
---------------+----+-----
Dodging        | 3 |  3.1
Spellcasting   | 3 |  3.0
Short Blades   | |  1.6
Stealth        | |  4.8
Hexes          | |  3.9

Action                     || total
---------------------------++-------
  Melee: Dagger            ||     7
   Stab: Sleeping          ||     1
 Armour: Robe              ||     3
  Dodge: Dodged            ||     2

Table legend: (Time is in decaauts)
 A = Elapsed time spent in this place.
 B = Non-inter-level travel time spent in this place.
 C = Inter-level travel time spent in this place.
 D = Time resting spent in this place.
 E = Time spent auto-exploring this place.
 F = Levels seen in this place.
 G = Mean time per level.
                   A        B        C        D        E       F      G
               +--------+--------+--------+--------+--------+-----+--------+
         Total |     29 |     29 |      0 |      0 |      0 |   1 |   29.0 |
       Dungeon |     29 |     29 |      0 |      0 |      0 |   1 |   29.0 |
               +--------+--------+--------+--------+--------+-----+--------+

Top non-repeatable levels by time:
       D: 29 daAuts
